 Dungeon Crawl Stone Soup version 0.30.1-4-g462c640d31 (webtiles) character file.

Game seed: 537288248702705873

8 spardeous the Conjurer (level 1, 0/14 HPs)
             Began as a Demigod Conjurer on Aug 18, 2023.
             Slain by a bat (1 damage)
             ... on level 1 of the Dungeon.
             The game lasted 00:00:24 (311 turns).

spardeous the Conjurer (Demigod Conjurer)            Turns: 311, Time: 00:00:24

Health: 0/14       AC:  2    Str:  8    XL:     1   Next: 80%
Magic:  2/5        EV: 12    Int: 20    God:
Gold:   11         SH:  0    Dex: 12    Spells: 3/4 levels left

rFire   . . .        (no weapon)
rCold   . . .        (no shield)
rNeg    . . .        a - +0 robe
rPois   .            (no helmet)
rElec   .            (no cloak)
rCorr   .            (no gloves)
SInv    .            (no boots)
Will    .....        (no amulet)
Stlth   ++           (no ring)
HPRegen 0.22/turn    (no ring)
MPRegen 0.09/turn

%: no passive effects
@: no status effects
A: high MP 1, forlorn, divine attributes
a: no special abilities


You were on level 1 of the Dungeon.
You visited 1 branch of the dungeon, and saw 1 of its levels.

You collected 11 gold pieces.

Inventory:

Armour
 a - a +0 robe (worn)
Scrolls
 d - a scroll of fog {unknown}
 e - a scroll of teleportation {unknown}
Potions
 b - a potion of magic
 c - a potion of invisibility {unknown}


   Skills:
 - Level 1.7 Dodging
 - Level 1.7 Stealth
 + Level 2.1 Spellcasting
 + Level 3.8 Conjurations


You had 3 spell levels left.
You knew the following spells:

 Your Spells              Type           Power      Damage    Failure   Level
a - Magic Dart            Conj           68%        1d6       3%          1

Your spell library contained the following spells:

 Spells                   Type           Power      Damage    Failure   Level
 Searing Ray              Conj           34%        2d5       4%          2
 Dazzling Flash           Conj/Hex       18%        N/A       22%         3
 Fulminant Prism          Conj/Hex       4%         3d5       56%         4
 Iskenderun's Mystic Bla  Conj/Tloc      9%         2d4       56%         4


Dungeon Overview and Level Annotations

Branches:
Dungeon (1/15)


Innate Abilities, Weirdness & Mutations

You have an increased reservoir of magic. (+10% MP)
You shall have no god before yourself.
Your divine heritage dramatically boosts your attributes as you level up.


Message History

The bat closely misses you. The bat attacks as you move away!
The bat closely misses you. The bat hits you.
* * * LOW HITPOINT WARNING * * *
The bat hits you but does no damage.
You take 1 damage, and have 2/14 hp.
The bat attacks as you move away! The bat misses you.
The bat barely misses you. The bat attacks as you move away!
The bat hits you but does no damage. x2
The bat barely misses you. The bat misses you.
The bat hits you but does no damage. The bat attacks as you move away!
The bat barely misses you. The bat hits you but does no damage.
The bat hits you.
* * * LOW HITPOINT WARNING * * *
You take 1 damage, and have 2/14 hp.
The bat misses you.
Things that are here:
a +0 dagger; a kobold corpse The bat barely misses you.
The bat closely misses you.
Casting: Magic Dart (safe; 3% risk of failure)
Confirm with . or Enter, or press ? or * to list all spells.
Aiming: Magic Dart (safe; 3% risk of failure)
Press: ? - help, Shift-Dir - straight line, f/p - goblin
Aim: a goblin, wielding a +0 club (100% to hit)
The magic dart hits the goblin.
The goblin is heavily wounded.
The bat barely misses you. The bat hits you.
* * * LOW HITPOINT WARNING * * *
You take 1 damage, and have 2/14 hp.
You now have 1/5 mp.
The bat closely misses you. The bat hits you.
* * * LOW HITPOINT WARNING * * *
You take 1 damage, and have 1/14 hp.
The bat hits you.
* * * LOW HITPOINT WARNING * * *
The bat hits you but does no damage. The bat attacks as you move away!
The bat closely misses you. The bat hits you but does no damage.
The bat closely misses you. The bat hits you.
You die...

#################.#
#...............#.####
#.###########......... ###### #.#
#.......#.#### #....# ##.###
#.#........... ##....## .....#
#.....#.#.#### ##....... .....#
#.......#.######........
.....######..#####..r..#...######
........>.......@bb...g...#...r.#
.....###################..#b###.#
.....##<#....##.# ###....#[#.#.#
.....###..##....## #.#....#.#....
.....##..######..###.#....#.#.#.#
.....###.### ##....##....#.#.#.#
.....# #...####..#####$...#.# #.#
####.# #.#.......# #....#.. #.#
#.# ####.###.## #.#


You could see a goblin, 2 bats and a rat.

Vanquished Creatures
  2 ball pythons (D:1)
  2 endoplasms (D:1)
  A kobold (D:1)
  A quokka (D:1)
  A rat (D:1)
7 creatures vanquished.

Notes
Turn   | Place    | Note
-------+----------+-------------------------------------------
     0 | D:1      | spardeous the Demigod Conjurer began the quest for the Orb.
     0 | D:1      | Reached XP level 1. HP: 14/14 MP: 5/5
   311 | D:1      | Slain by a bat

Illustrated notes

Levels and vault maps discovered:
D:1:      dpeg_arrival_round_a, layout_basic, minmay_heptomino_w4

Skill      XL: |  1 |
---------------+----+-----
Spellcasting   | 2 |  2.1
Dodging        | |  1.7
Stealth        | |  1.7
Conjurations   | |  3.8

Action                     || total
---------------------------++-------
   Cast: Magic Dart        ||    19
 Armour: Robe              ||    25
  Dodge: Dodged            ||    51
